 Dungeon Crawl Stone Soup version 0.19-a0-1532-g228a5d9 (webtiles) character file.

5303 esc the Cleaver (level 10, -6/91 HPs)
             Began as a Deep Dwarf Hunter on Sept 13, 2016.
             Was a Follower of Makhleb.
             Mangled by a komodo dragon (25 damage)
             ... on level 1 of the Lair of Beasts.
             The game lasted 00:35:15 (6130 turns).

esc the Cleaver (Deep Dwarf Hunter)                 Turns: 6130, Time: 00:35:15

Health: -6/91      AC:  9    Str: 16    XL:     10   Next: 37%
Magic:  10/10      EV: 11    Int: 12    God:    Makhleb [*.....]
Gold:   338        SH:  0    Dex: 16    Spells: 0 memorised, 9 levels left

rFire  . . .     SeeInvis +     b - +3 battleaxe
rCold  . . .     Gourm    .     p - +0 scale mail
rNeg   . . .     Faith    .     (shield currently unavailable)
rPois  .         Spirit   .     w - +1 helmet
rElec  .         Dismiss  .     (no cloak)
rCorr  .         Reflect  .     (no gloves)
MR     +....     Harm     .     F - +0 pair of boots
Stlth  +.........               (no amulet)
                                (no ring)
                                K - ring of see invisible {sInv, !d}

@: non-regenerating
A: damage resistance, recharge devices, sense surroundings 2, slow regeneration
3
a: Device Recharging, Renounce Religion


You were on level 1 of the Lair of Beasts.
You worshipped Makhleb.
Makhleb was aware of your devotion.
You were not hungry.

You visited 3 branches of the dungeon, and saw 10 of its levels.
You also visited: Sewer.

You collected 338 gold pieces.

Inventory:

Hand Weapons
 a - a +1 hand crossbow
 b - a +3 battleaxe (weapon)
   (You took it off a wight on level 8 of the Dungeon)
 H - a +0 blowgun
   (You took it off a kobold in a sewer)
Missiles
 d - a bolt
 g - 4 javelins (quivered)
 i - 480 stones
 D - 41 poisoned needles
 L - 5 tomahawks
Armour
 p - a +0 scale mail (worn)
   (You found it on level 5 of the Dungeon)
 w - a +1 helmet (worn)
   (You found it on level 2 of the Dungeon)
 F - a +0 pair of boots (worn)
   (You found it on level 5 of the Dungeon)
Magical Staves
 M - an uncursed staff of poison {unknown}
   (You found it on level 6 of the Dungeon)
Jewellery
 K - a ring of see invisible (left hand) {sInv, !d}
   (You found it on level 5 of the Dungeon)
Wands
 c - a wand of random effects (27/48)
   (You found it on level 8 of the Dungeon)
 e - a wand of heal wounds (2/9)
 v - a wand of flame (24/48)
   (You found it on level 4 of the Dungeon)
 y - a wand of iceblast (0/15)
   (You found it on level 4 of the Dungeon)
Scrolls
 h - 5 scrolls of remove curse
 m - 4 scrolls of enchant armour
 s - a scroll of amnesia
 C - 2 scrolls of teleportation
 J - 2 scrolls of identify
Potions
 j - 2 potions of lignification {unknown}
 l - a potion of might
 n - 2 potions of invisibility
 r - 2 potions of flight
 t - 7 potions of agility
 x - a potion of resistance
 z - 3 potions of brilliance
 B - a potion of magic
 E - a potion of berserk rage {unknown}
 G - 3 potions of heal wounds
 I - a potion of haste
Books
 q - a book of Changes
   (You found it on level 8 of the Dungeon)
Comestibles
 f - 8 bread rations {@e1}
 k - 3 slices of pizza
 o - 4 beef jerkies
 u - 9 meat rations {@e2}
 A - 4 fruits
 N - 3 chunks of flesh {@w0}


   Skills:
 - Level 6.2 Fighting
 + Level 11.0 Axes
 - Level 10.2 Crossbows
 - Level 2.1 Armour
 - Level 3.8 Dodging
 - Level 2.4 Stealth
 - Level 2.4 Invocations


You had 9 spell levels left.
You didn't know any spells.

Dungeon Overview and Level Annotations

Branches:
Dungeon (8/15)             Temple (1/1) D:5            Lair (1/6) D:8

Altars:
Ashenzari
Cheibriados
Dithmenos
Fedhas
Hepliaklqana
Kikubaaqudgha
Makhleb
Okawaru
Qazlal
Ru
Trog
Vehumet
Xom
Zin
The Shining One

Annotations:
D:4 exclusion: door


Innate Abilities, Weirdness & Mutations

You are resistant to damage.
You can recharge devices by infusing magical energy.
You passively map the area around you.
You do not regenerate.


Message History

The giant frog closely misses you.
The giant frog hits you but does no damage.
You slash the giant frog!
You kill the giant frog!
Makhleb accepts your kill. The iguana misses you.
Your scale mail prevents you from hitting the iguana.
The iguana bites you but does no damage.
You hit the iguana but do no damage. The iguana misses you.
The iguana bites you.
You take 5 damage, and have 48/91 hp.
You slash the iguana!
You kill the iguana!
Makhleb accepts your kill.
You feel better.
You regained 5 hp, and now have 53/91 hp.
No target in view!
You see here a giant frog corpse.
You butcher the giant frog corpse.
N - 4 chunks of flesh {@w0} You see here a giant frog skeleton.
A water moccasin comes into view.
The water moccasin hisses angrily.
The water moccasin moves out of view.
You closely miss the water moccasin. The water moccasin bites you.
You are poisoned.
The water moccasin poisons you! The water moccasin misses you.
The water moccasin closely misses you.
You take 4 damage, and have 49/91 hp.
You closely miss the water moccasin. The water moccasin bites you. x2
You slice the water moccasin!! The water moccasin closely misses you.
The water moccasin misses you.
You barely miss the water moccasin. The water moccasin bites you!
You are more poisoned.
The water moccasin poisons you! The water moccasin closely misses you.
The water moccasin bites you but does no damage.
You take 5 damage, and have 44/91 hp.
You closely miss the water moccasin. The water moccasin barely misses you.
The water moccasin bites you but does no damage.
Your scale mail prevents you from hitting the water moccasin.
The water moccasin bites you. The water moccasin misses you.
The water moccasin barely misses you.
You barely miss the water moccasin. The water moccasin bites you.
You are more poisoned.
The water moccasin poisons you! The water moccasin bites you.
The water moccasin misses you.
You take 3 damage, and have 41/91 hp.
You slice the water moccasin!!
You kill the water moccasin!
Makhleb accepts your kill.
You feel better.
You feel very sick.
You regained 2 hp, and now have 43/91 hp.
No target in view!
A giant frog comes into view.
You feel sick.
You see here a water moccasin corpse.
You take 1 damage, and have 42/91 hp.
You butcher the water moccasin corpse.
You see here 2 inedible chunks of flesh {@w0}.
A giant frog is nearby!
The giant frog completely misses you.
The giant frog hits you but does no damage.
You hit the giant frog. The giant frog barely misses you.
The giant frog hits you but does no damage.
You hit the giant frog.
The giant frog hits you but does no damage.
The giant frog hits you. x2
You take 7 damage, and have 35/91 hp.
You slash the giant frog!
You kill the giant frog!
Makhleb accepts your kill.
You feel better.
Your Axes skill increases to level 11!
You regained 5 hp, and now have 40/91 hp.
No target in view!
No target in view!
You feel yourself speed up.
You now have 338 gold pieces (gained 12).
Eating one of 4 chunks of flesh {@w0}.
You start eating one of the 4 chunks of flesh {@w0}.
You are feeling hungry.
You continue eating. x2
You finish eating.
You are no longer poisoned.
You open the door.
There is an open door here.
A komodo dragon comes into view.
You see here a scroll of fear.
You slash the komodo dragon! You hit the plant.
The komodo dragon barely misses you.
You hit the komodo dragon but do no damage.
You hit the plant but do no damage. The komodo dragon barely misses you.
The komodo dragon bites you!!
* * * LOW HITPOINT WARNING * * *
You take 21 damage, and have 19/91 hp.
MASSIVE DAMAGE!!
You closely miss the komodo dragon. You slash the plant!
The komodo dragon bites you!!
You die...

* * #.#.. .. ######....
####+#.## #P.....#..
#........# #......##
#........# #.......%
#.........* * ,+........
#........+,,, #........
#.......l## *##........
#.......@P# #P........
#.........# ##........
#......?.########........
#........................
#........#########'P#.#.#
##...#.### #.##.###
#PP... * ##..#.#P# ##.../
* #.#...... #....,
###.#..P#


You could see a komodo dragon.

Vanquished Creatures
  Gastronok (Lair:1)
  Pikel (D:8)
  A komodo dragon (Lair:1)
  Sigmund (D:4)
  A vampire (D:8)
  A hippogriff (D:8)
  A water moccasin (Lair:1)
  A phantom (D:8)
  3 ogres (D:5)
  2 centaurs (D:8)
  Blork the orc (D:6)
  2 big kobolds
  2 giant frogs (Lair:1)
  5 scorpions
  A killer bee (D:5)
  3 wights
  4 crimson imps
  2 quasits
  A giant frog zombie (D:8)
  3 hounds
  A jelly (D:5)
  2 centaur skeletons
  An iguana (Lair:1)
  3 orc wizards
  10 worker ants
  A worker ant zombie (D:5)
  13 adders
  6 gnolls
  6 river rats
  4 shadow imps
  An ooze (D:5)
  An adder skeleton (D:4)
  3 worms
  3 dart slugs
  A giant gecko (D:5)
  23 orcs
  5 ball pythons
  4 giant cockroaches
  7 goblins
  4 hobgoblins
  8 jackals
  2 quokkas
  3 bats
  A giant cockroach zombie (D:3)
  9 giant newts
  27 kobolds
  A quokka skeleton (D:5)
  27 rats
214 creatures vanquished.

Notes
Turn   | Place    | Note
-------+----------+-------------------------------------------
     0 | D:1      | esc the Deep Dwarf Hunter began the quest for the Orb.
     0 | D:1      | Reached XP level 1. HP: 19/19 MP: 1/1
   427 | D:2      | Reached XP level 2. HP: 26/26 MP: 2/2
   466 | D:2      | Reached skill level 2 in Stealth
   655 | D:2      | Reached skill level 2 in Fighting
   916 | D:3      | Reached XP level 3. HP: 32/32 MP: 3/3
  1232 | D:3      | Reached skill level 5 in Crossbows
  1281 | D:3      | Reached XP level 4. HP: 39/39 MP: 4/4
  1440 | D:3      | Reached skill level 6 in Crossbows
  1440 | D:3      | Reached XP level 5. HP: 30/45 MP: 5/5
  1562 | D:3      | You fall through a shaft!
  1581 | D:4      | Noticed Sigmund
  1741 | D:4      | Reached skill level 7 in Crossbows
  1848 | D:4      | Reached XP level 6. HP: 27/52 MP: 6/6
  2095 | D:4      | Found a glowing drain.
  2130 | Sewer    | Entered a sewer
  2209 | Sewer    | Got a bone dagger
  2210 | Sewer    | Identified the +2 dagger "Ruek" {pierce, *Drain rC+ MR- Int+9} (You found it in a sewer)
  2378 | Sewer    | HP: 12/52 [river rat (4)]
  2389 | Sewer    | HP: 9/55 [river rat (4)]
  2390 | Sewer    | HP: 1/55 [river rat (8)]
  2583 | Sewer    | Reached skill level 3 in Fighting
  3326 | D:4      | Killed Sigmund
  3326 | D:4      | Reached skill level 8 in Crossbows
  3326 | D:4      | Reached XP level 7. HP: 56/63 MP: 7/7
  3353 | D:5      | Entered Level 5 of the Dungeon
  3418 | D:5      | Reached skill level 4 in Fighting
  3426 | D:5      | Found an iron altar of Okawaru.
  3440 | D:5      | Found a staircase to the Ecumenical Temple.
  3450 | Temple   | Entered the Ecumenical Temple
  3672 | D:5      | Found a runed door.
  3699 | D:5      | Found a runed door.
  3747 | D:5      | Reached skill level 9 in Crossbows
  3764 | D:5      | Reached XP level 8. HP: 22/73 MP: 8/8
  3767 | D:5      | HP: 18/73 [killer bee (4)]
  3772 | D:5      | HP: 11/73 [killer bee (3)]
  3778 | D:5      | Reached skill level 5 in Fighting
  4038 | D:5      | Found a burning altar of Makhleb.
  4045 | D:5      | Became a worshipper of Makhleb the Destroyer
  4450 | D:6      | Reached skill level 1 in Armour
  4533 | D:6      | Reached skill level 3 in Dodging
  4712 | D:6      | Noticed Blork the orc
  4714 | D:6      | Killed Blork the orc
  4714 | D:6      | Reached skill level 6 in Fighting
  4714 | D:6      | Reached skill level 10 in Crossbows
  4826 | D:7      | HP: 16/76 [wight/long sword of freezing (6)]
  4837 | D:7      | Reached skill level 1 in Invocations
  4933 | D:7      | Reached skill level 2 in Armour
  5012 | D:7      | Reached skill level 2 in Invocations
  5045 | D:8      | HP: 18/76 [scorpion (6)]
  5138 | D:8      | Reached skill level 1 in Axes
  5138 | D:8      | Gained mutation: You passively map the area around you. [Deep Dwarf growth]
  5138 | D:8      | Reached XP level 9. HP: 40/82 MP: 10/10
  5165 | D:8      | Reached skill level 2 in Axes
  5250 | D:8      | Noticed Pikel
  5266 | D:8      | Killed Pikel
  5266 | D:8      | Reached * piety under Makhleb
  5266 | D:8      | Reached skill level 5 in Axes
  5353 | D:8      | Found a staircase to the Lair.
  5525 | D:8      | Reached skill level 6 in Axes
  5593 | D:8      | HP: 15/82 [centaur (7)]
  5616 | D:8      | HP: 4/82 [hippogriff (5)]
  5621 | D:8      | Reached skill level 7 in Axes
  5947 | Lair:1   | Entered Level 1 of the Lair of Beasts
  5960 | Lair:1   | Noticed a komodo dragon
  5966 | Lair:1   | HP: 11/82 [komodo dragon (16)]
  5974 | Lair:1   | Killed a komodo dragon
  5974 | Lair:1   | Reached skill level 8 in Axes
  5982 | Lair:1   | Noticed Gastronok
  5998 | Lair:1   | HP: 20/82 [Gastronok (23)]
  6006 | Lair:1   | Killed Gastronok
  6006 | Lair:1   | Reached skill level 10 in Axes
  6006 | Lair:1   | Reached XP level 10. HP: 27/91 MP: 10/10
  6084 | Lair:1   | Reached skill level 11 in Axes
  6129 | Lair:1   | HP: 19/91 [komodo dragon (21)]
  6130 | Lair:1   | Mangled by a komodo dragon

Vault maps used:
D:1:      co_arrival_square_in_a_square_in_a_square, minmay_statues_item
D:3:      minmay_hedge_maze, kennysheep_decorative_pillar, minivault_24,
          feat_on_display
D:4:      portal_sewer_entry_c, uniq_sigmund
D:5:      lemuel_insect_pit, makhleb_heckhound_becter, first_bread,
          kennysheep_okawaru_gauntlet
D:6:      hangedman_decor_peaks_small, tgw_sif, uniq_blork_the_orc
D:7:      minmay_overflow_temple_hex, minmay_misc_feat_nine_boxes, uniq_joseph
D:8:      lair_0_dummy, uniq_pikel
Temple:   nicolae_temple_great_sept
Lair:1:   grunt_forest_large_clearings, grunt_megastairs_2, uniq_gastronok
Sewer:    sewer_minmay_treatment

Skill      XL: |  1  2  3  4  5  6  7  8  9 10 |
---------------+-------------------------------+-----
Stealth        | 2 |  2.4
Fighting       | 2 3 4 6 |  6.2
Crossbows      | 5 6 7 8 9 10 | 10.2
Armour         | 2 |  2.1
Dodging        | 3 |  3.8
Invocations    | 2 |  2.4
Axes           | 1 10 11 | 11.0

Action                   |  1- 3 |  4- 6 |  7- 9 | 10-12 || total
-------------------------+-------+-------+-------+-------++-------
Melee: Short sword       |    12 |    45 |   190 |       ||   247
       Dagger            |       |   145 |       |       ||   145
       Battleaxe         |       |       |   115 |    25 ||   140
 Fire: Hand crossbow     |    62 |    99 |   143 |       ||   304
Throw: Javelin           |       |       |    13 |       ||    13
       Tomahawk          |       |       |     6 |       ||     6
 Abil: Device Recharging |       |       |     1 |       ||     1
Evoke: Wand              |       |     8 |    13 |     1 ||    22
  Use: Scroll            |       |    16 |     5 |     1 ||    22
       Potion            |       |     1 |    10 |       ||    11
 Stab: Sleeping          |       |     1 |       |       ||     1
  Eat: Chunk             |     1 |     7 |     9 |     1 ||    18
Armor: Leather armour    |     3 |    67 |    27 |       ||    97
       Scale mail        |       |       |   131 |    15 ||   146
Dodge: Dodged            |    16 |   158 |   276 |    23 ||   473

Vault maps used:
D:1:      co_arrival_square_in_a_square_in_a_square, minmay_statues_item
D:3:      minmay_hedge_maze, kennysheep_decorative_pillar, minivault_24,
          feat_on_display
D:4:      portal_sewer_entry_c, uniq_sigmund
D:5:      lemuel_insect_pit, makhleb_heckhound_becter, first_bread,
          kennysheep_okawaru_gauntlet
D:6:      hangedman_decor_peaks_small, tgw_sif, uniq_blork_the_orc
D:7:      minmay_overflow_temple_hex, minmay_misc_feat_nine_boxes, uniq_joseph
D:8:      lair_0_dummy, uniq_pikel
Temple:   nicolae_temple_great_sept
Lair:1:   grunt_forest_large_clearings, grunt_megastairs_2, uniq_gastronok
Sewer:    sewer_minmay_treatment

Table legend:
 A = Turns spent in this place as a percentage of turns spent in the entire game.
 B = Non-inter-level travel turns spent in this place as a percentage of non-inter-level travel turns spent in the entire game.
 C = Inter-level travel turns spent in this place as a percentage of turns spent in this place.
 D = Turns resting spent in this place as a percentage of non-inter-level travel turns spent in this place.
 E = Turns spent auto-exploring this place as a percentage of non-inter-level travel turns spent in this place.
 F = Non-inter-level travel turns spent in this place divided by the number of levels of this place that you've seen.
                   A       B       C       D       E      F
               +-------+-------+-------+-------+-------+----------------------
         Total | 100.0 | 100.0 |   0.3 |   0.0 |   9.1 | 202.2
       Dungeon |  72.9 |  72.8 |   0.4 |   0.0 |  11.1 | 202.5
        Temple |   3.2 |   3.2 |   0.0 |   0.0 |   1.4 |  72.0
          Lair |   4.5 |   4.5 |   0.0 |   0.0 |   9.0 | 100.0
         Sewer |  19.4 |  19.4 |   0.0 |   0.0 |   2.8 | 432.0
               +-------+-------+-------+-------+-------+----------------------

Table legend:
 A = Kills in this place as a percentage of kills in entire the game.
 B = Kills by you in this place as a percentage of kills by you in the entire game.
 C = Kills by friends in this place as a percentage of kills by friends in the entire game.
 D = Other kills in this place as a percentage of other kills in the entire game.
 E = Experience gained in this place as a percentage of experience gained in the entire game.
 F = Experience gained in this place divided by the number of levels of this place that you have seen.
                   A       B       C       D       E      F
               +-------+-------+-------+-------+-------+----------------------
         Total | 100.0 | 100.0 |  -nan |  -nan | 100.0 | 688.8
       Dungeon |  74.8 |  74.8 |  -nan |  -nan |  57.3 | 542.9
          Lair |   2.8 |   2.8 |  -nan |  -nan |  39.8 | 3014.0
         Sewer |  22.4 |  22.4 |  -nan |  -nan |   2.9 | 220.0
               +-------+-------+-------+-------+-------+----------------------
